 Seeded DCSS version 0.30-a0-881-g1ff12e1e11 (webtiles) character file.

Game seed: 11890654334920807458 (custom seed)

641 bmack86 the Chopper (level 7, -2/61 HPs)
             Began as a Minotaur Fighter on Mar 15, 2023.
             Was an Initiate of Okawaru.
             Slain by an ogre
             ... wielding a +0 giant club
              (12 damage)
             ... on level 6 of the Dungeon.
             The game lasted 00:07:27 (3600 turns).

bmack86 the Chopper (Minotaur Fighter)              Turns: 3600, Time: 00:07:28

Health: -2/61      AC:  7    Str: 25    XL:     7   Next: 26%
Magic:  6/6        EV:  9    Int:  5    God:    Okawaru [......]
Gold:   295        SH:  0    Dex: 16    Spells: 6/6 levels left

rFire   . . .      SeeInvis .    a - +0 war axe (flame)
rCold   + + .      Faith    .    c - +1 buckler
rNeg    . . .      Spirit   .    b - +0 scale mail
rPois   .          Reflect  .    (helmet restricted)
rElec   .          Rampage  .    (no cloak)
rCorr   .                        (no gloves)
Will    .....                    (no boots) Stlth
                                 l - amulet of regeneration
HPRegen 1.10/turn                h - ring of Unatecu {rC++ Str+3 Dex+6}
MPRegen 0.10/turn                (no ring)

@: confused
A: horns 2, retaliatory headbutt
a: Renounce Religion


You were on level 6 of the Dungeon.
You worshipped Okawaru.
Okawaru was noncommittal.
You visited 1 branch of the dungeon, and saw 6 of its levels.

You collected 295 gold pieces.

Inventory:

Hand Weapons
 a - a +0 war axe of flaming (weapon)
Missiles
 f - 15 poisoned darts
 n - 6 boomerangs (quivered)
Armour
 b - a +0 scale mail (worn)
 c - a +1 buckler (worn)
Jewellery
 h - the ring of Unatecu (left hand) {rC++ Str+3 Dex+6}
   (You acquired it on level 1 of the Dungeon)

   [ring of dexterity]

   Str:       It affects your strength (+3).
   Dex:       It affects your dexterity (+6).
   rC:        It greatly protects you from cold.
 l - an amulet of regeneration (around neck)
 q - an amulet of the acrobat
Wands
 p - a wand of iceblast (9)
Scrolls
 g - 2 scrolls of immolation
 k - 3 scrolls of teleportation
 o - a scroll of enchant armour
 v - a scroll of fog {unknown}
 w - a scroll of amnesia {unknown}
 x - a scroll of torment {unknown}
Potions
 d - a potion of might
 e - 2 potions of cancellation
 i - a potion of magic
 j - 4 potions of curing
 m - a potion of brilliance
 r - a potion of attraction {unknown}
 s - a potion of degeneration {unknown}
 t - 2 potions of mutation {unknown}


   Skills:
 + Level 5.2 Fighting
 * Level 5.9 Axes
 + Level 2.8 Throwing
 + Level 5.3 Armour
 + Level 5.1 Shields
 + Level 1.0 Invocations


You had 6 spell levels left.
You didn't know any spells.
Your spell library contained the following spells:

 Spells                   Type           Power      Damage    Failure   Level
 Magic Dart               Conj           0%         1d3       83%         1
 Cigotuvi's Dreadful Rot  Necr/Pois/Air  0%         N/A       93%         2
 Poisonous Vapours        Pois/Air       0%         N/A       93%         2
 Mephitic Cloud           Conj/Pois/Air  0%         N/A       99%         3
 Call Imp                 Summ           Unusable   N/A       N/A         2

Dungeon Overview and Level Annotations

Branches:
Dungeon (6/15)
 Temple: D:4-7

Altars:
Ashenzari
Kikubaaqudgha
Okawaru
Sif Muna
The Shining One

Annotations:
D:3 3 runed translucent doors, AverageBear's ghost, amateur OpFi
D:4 3 runed translucent doors, hikkokomori's ghost, amateur FoFi


Innate Abilities, Weirdness & Mutations

You have a pair of horns on your head.
You reflexively headbutt those who attack you in melee.


Message History

You barely miss the orc wizard.
The orc wizard is severely wounded.
You slash the ogre! You burn the ogre.
The orc wizard hits you but does no damage.
You miss the orc wizard. You headbutt the orc wizard.
You kill the orc wizard!
Okawaru accepts your kill.
You hit the ogre. You burn the ogre. The ogre barely misses you.
Your Invocations skill increases to level 1!
You block the ogre's attack.
Items here: )) [[.
You block the ogre's attack.
Unknown command.
An orc wizard comes into view. It is wielding a +0 dagger.
Items here: )) [[.
You barely miss the ogre.
The ogre is heavily wounded.
The orc wizard points at you and mumbles some strange words.
The puff of flame misses you. You block the ogre's attack.
You barely miss the ogre.
The ogre is heavily wounded.
The orc wizard gestures at you while chanting.
You are confused.
An orc comes into view. It is wielding a +0 club.
The ogre hits you with a +0 giant club!
The ogre hits you with a +0 giant club!!
* * * LOW HITPOINT WARNING * * *
The orc hits you but does no damage. The orc wizard casts a spell at you.
The magic dart hits you.
* * * LOW HITPOINT WARNING * * *
You slice the orc!! You burn the orc.
You kill the orc!
Okawaru accepts your kill.
You hit the ogre. You burn the ogre.
The orc wizard gestures wildly while chanting.
The orc wizard flickers and vanishes!
Deactivating autopickup; reactivate with Ctrl-A.
The ogre attacks as you move away! The ogre hits you with a +0 giant club!
You die...

. .........### ..
##.[.....#.##
...#...........#
..........##..###
..............#.####
...........##.)....# #
#......<...)..### ...
.(...........)O)#.....
..............@...#
...#.##.......#..## ..
#............## .
...........>.{
........<.......
................#.
..##....##.#.# .#
##..## .. #


You could see an ogre.

Vanquished Creatures
  2 water moccasins (D:5)
  A centaur (D:5)
  A crimson imp (D:5)
  2 iguanas
  2 orc wizards
  2 sleepcaps
  9 adders
  5 dart slugs
  9 orcs
  6 bats
  4 endoplasms
  6 goblins
  4 hobgoblins
  4 jackals (D:5)
  6 kobolds
  5 quokkas
  2 ball pythons
  A frilled lizard (D:1)
  2 goblin zombies (D:5)
  2 hobgoblin zombies (D:5)
  4 kobold skeletons (D:5)
  3 kobold zombies (D:5)
  5 rats
87 creatures vanquished.

Notes
Turn   | Place    | Note
-------+----------+-------------------------------------------
     0 | D:1      | bmack86 the Minotaur Fighter began the quest for the Orb.
     0 | D:1      | Reached XP level 1. HP: 19/19 MP: 0/0
   194 | D:1      | Reached XP level 2. HP: 26/27 MP: 1/1
   634 | D:1      | Identified a scroll of acquirement
   635 | D:1      | Acquired the ring of Unatecu {rC++ Str+3 Dex+6}
   667 | D:2      | Reached XP level 3. HP: 33/33 MP: 2/2
   714 | D:2      | Reached skill level 1 in Throwing
   805 | D:2      | Found a faded altar of an unknown god.
  1175 | D:3      | Reached XP level 4. HP: 39/40 MP: 3/3
  1465 | D:3      | Found a runed translucent gate.
  1465 | D:3      | Found a runed translucent gate.
  1465 | D:3      | Found a runed translucent gate.
  1468 | D:3      | Noticed AverageBear's ghost (amateur OpFi)
  1469 | D:3      | Identified the +2 short sword "Undertaker" {pain, Fly
                  | Int+4}
  1469 | D:3      | Identified the +1 scale mail of Nipirgh {rC- rN++ Dex+5}
  2014 | D:4      | Reached XP level 5. HP: 22/47 MP: 4/4
  2246 | D:4      | Found a shimmering blue altar of Sif Muna.
  2377 | D:4      | Found a broken altar of Ashenzari.
  2444 | D:4      | Found an ancient bone altar of Kikubaaqudgha.
  2502 | D:4      | Found a runed translucent gate.
  2503 | D:4      | Found a runed translucent gate.
  2503 | D:4      | Noticed hikkokomori's ghost (amateur FoFi)
  2504 | D:4      | Found a runed translucent gate.
  2797 | D:5      | Entered Level 5 of the Dungeon
  2844 | D:5      | Noticed a water moccasin
  2850 | D:5      | Killed a water moccasin
  2851 | D:5      | Reached XP level 6. HP: 47/53 MP: 5/5
  2868 | D:5      | Found a glowing golden altar of the Shining One.
  2871 | D:5      | Reached skill level 5 in Axes
  2940 | D:5      | Reached skill level 5 in Fighting
  2940 | D:5      | Reached skill level 5 in Armour
  2950 | D:5      | Found an iron altar of Okawaru.
  2961 | D:5      | Became a worshipper of Warmaster Okawaru
  2963 | D:5      | Noticed a water moccasin
  2979 | D:5      | Killed a water moccasin
  2980 | D:5      | Reached skill level 5 in Shields
  2980 | D:5      | Reached XP level 7. HP: 46/61 MP: 6/6
  3593 | D:6      | Reached skill level 1 in Invocations
  3600 | D:6      | Slain by an ogre

Illustrated notes

Levels and vault maps discovered:
D:1:      dpeg_arrival_pits, layout_basic, nrook_campfire
D:2:      layout_loops_ring, dreamdust_ecumenical_altar_grove
D:3:      layout_loops_ring, biasface_ghost_orc_armoury, nicolae_half_adder
D:4:      layout_basic, kennysheep_mini_moat, kennysheep_little_box,
          overflow_temple_1_default, gammafunk_ghost_nasty_kobolds
D:5:      layout_loops_ring, mainiacjoe_overflow_small_starburst,
          nicolae_tso_besieged_by_evil, chequers_serial_rivers_large_b
D:6:      old_forge, layout_cave_pools, minmay_temple_entry_waves, serial_shops,
          nicolae_shop_waterfront, nicolae_shop_bloodbath_and_beyond,
          nicolae_inconvenience_store, serial_gnoll_camp, gnoll_camp_mini_house,
          gnoll_camp_mini_hut, gnoll_camp_medium_01, gnoll_camp_mini_hut,
          uniq_blork_the_orc

Skill      XL: |  1  2  3  4  5  6  7 |
---------------+----------------------+-----
Axes           | 3 4 5 |  5.9
Throwing       | 1 2 |  2.8
Fighting       | 4 5 |  5.2
Armour         | 4 5 |  5.3
Shields        | 4 5 |  5.1
Invocations    | 1 |  1.0

Action                     |  1- 3 |  4- 6 |  7- 9 || total
---------------------------+-------+-------+-------++-------
  Melee: War axe           |    47 |    80 |    35 ||   162
         Headbutt          |     8 |    14 |     8 ||    30
  Throw: Boomerang         |     6 |       |       ||     6
    Use: Scroll            |     6 |     5 |     1 ||    12
 Armour: Scale mail        |    31 |    44 |    11 ||    86
  Dodge: Dodged            |    27 |    43 |    10 ||    80
  Block: Buckler           |    11 |    26 |    12 ||    49

Table legend: (Time is in decaauts)
 A = Elapsed time spent in this place.
 B = Non-inter-level travel time spent in this place.
 C = Inter-level travel time spent in this place.
 D = Time resting spent in this place.
 E = Time spent auto-exploring this place.
 F = Levels seen in this place.
 G = Mean time per level.
                   A        B        C        D        E       F      G
               +--------+--------+--------+--------+--------+-----+--------+
         Total |   3680 |   3544 |    136 |     93 |   2532 |   6 |  613.3 |
       Dungeon |   3680 |   3544 |    136 |     93 |   2532 |   6 |  613.3 |
               +--------+--------+--------+--------+--------+-----+--------+

Top non-repeatable levels by time:
     D:3: 850 daAuts
     D:5: 820 daAuts
     D:4: 802 daAuts
     D:1: 649 daAuts
     D:2: 530 daAuts
     D:6: 27 daAuts
